 Dungeon Crawl Stone Soup version 0.27-a0-1147-gb3d8e82157 (webtiles) character file.

Game seed: 17085813101064505345

219 tygod the Magician (level 5, 0/35 HPs)
             Began as a Djinni Fire Elementalist on May 11, 2021.
             Was an Initiate of Makhleb.
             Slain by a wyvern zombie (8 damage)
             ... on level 4 of the Dungeon.
             The game lasted 00:09:28 (3218 turns).

tygod the Magician (Djinni Fire Elementalist)       Turns: 3218, Time: 00:09:28

Health: 0/35       AC:  5    Str:  7    XL:     5   Next: 96%
Gold:   113        EV: 10    Int: 16    God:    Makhleb [......] SH:  0 Dex: 15

rFire    + + .     SeeInvis .   r - +2 rapier (elec)
rCold    x . .     Faith    .   (no shield)
rNeg     . . .     Spirit   .   l - +0 ring mail {Will+}
rPois    ∞         Reflect  .   (no helmet)
rElec    .         Harm     .   (no cloak)
rCorr    .         Rampage  .   (no gloves)
Will     +....                  (boots unavailable)
Stlth    +.........             (no amulet)
HPRegen  0.11/turn              (no ring)
MPRegen  0.00/turn              (no ring)

@: flying, very slightly contaminated
A: sickness immunity, fire resistance 2, cold vulnerability 1, float, innate
caster, hp casting, extra vitality 1
a: Renounce Religion


You were on level 4 of the Dungeon.
You worshipped Makhleb.
Makhleb was noncommittal.
You visited 1 branch of the dungeon, and saw 4 of its levels.

You collected 113 gold pieces.

Inventory:

Hand Weapons
 c - a +0 dagger
 o - a +0 dagger of venom
 r - a +2 rapier of electrocution (weapon)
Armour
 a - a +0 robe
 d - a +0 ring mail
 f - a +0 leather armour
 l - a +0 ring mail of willpower (worn)
Jewellery
 e - a ring of protection from fire
Scrolls
 i - 2 scrolls of amnesia
 n - a scroll of blinking {unknown}
 p - a scroll of teleportation
 q - 2 scrolls of identify
Potions
 b - a potion of berserk rage {unknown}
 g - a potion of might {unknown}
 h - a potion of mutation {unknown}
 j - a potion of curing {unknown}
 k - a potion of ambrosia {unknown}
 m - a potion of brilliance {unknown}
 s - a potion of haste {unknown}


   Skills:
 + Level 0.1 Fighting
 + Level 0.5 Short Blades
 + Level 1.7 Armour
 + Level 2.9 Dodging
 + Level 2.2 Stealth
 + Level 4.6 Spellcasting


You couldn't memorise any spells.
You knew the following spells:

 Your Spells              Type           Power      Damage    Failure   Level
a - Foxfire               Conj/Fire      72%        2x1d7     8%          1
b - Conjure Flame         Conj/Fire      18%        6-21      24%         3
c - Inner Flame           Hex/Fire       18%        N/A       24%         3
d - Sticky Flame          Conj/Fire      18%        2d4       61%         4
e - Fireball              Conj/Fire      9%         3d6       91%         5
f - Shock                 Conj/Air       72%        1d7       8%          1
g - Searing Ray           Conj           36%        3d4       12%         2
Your spell library was empty.

Dungeon Overview and Level Annotations

Branches:
Dungeon (4/15)
 Temple: D:4-7

Altars:
Dithmenos
Fedhas
Makhleb
Yredelemnul


Innate Abilities, Weirdness & Mutations

You are immune to sickness and miasma.
You are immune to poison.
Your flesh is very heat resistant. (rF++)
You are vulnerable to cold. (rC-)
You float through the air rather than walking.
You learn spells naturally, not from books.
Your magical power is your life essence.
You have superior vitality. (+4 HP)


Message History

Makhleb accepts your kill.
Casting: Foxfire (safe; 8% risk of failure)
Confirm with . or Enter, or press ? or * to list all spells.
Okay, then.
Your foxfire dissipates!
There is a stone staircase leading down here.
You fly downwards.
You hear the sound of rushing water.
There is an entrance to a sewer on this level.
Hurry and find it before the portal rusts away!
You hear the slow rusting of a very distant drain.
A kobold and a zombie come into view.
The wyvern zombie bites you! The wyvern zombie barely misses you.
Found 23 bolts.
Found a basalt altar of Yredelemnul.
There is a stone staircase leading up here.
Casting: Foxfire (safe; 8% risk of failure)
Confirm with . or Enter, or press ? or * to list all spells.
You miscast Foxfire.
You are very lightly contaminated with residual magic.
Nothing appears to happen.
The wyvern zombie bites you.
Casting: Foxfire (safe; 8% risk of failure)
Confirm with . or Enter, or press ? or * to list all spells.
You conjure some foxfire!
The wyvern zombie bites you but does no damage.
The wyvern zombie bites you!
* * * LOW HITPOINT WARNING * * *
Casting: Foxfire (safe; 8% risk of failure)
Confirm with . or Enter, or press ? or * to list all spells.
You conjure some foxfire!
* * * LOW HITPOINT WARNING * * *
The foxfire hits the wyvern zombie.
The wyvern zombie is lightly damaged.
The foxfire hits the wyvern zombie but does no damage.
The wyvern zombie is lightly damaged.
The wyvern zombie barely misses you.
The foxfire hits the wyvern zombie.
The wyvern zombie is lightly damaged.
The foxfire hits the wyvern zombie.
The wyvern zombie is lightly damaged.
The wyvern zombie bites you!
You die...

##+#####
#......#
#......#
#......+ .#
#......##..#
#...§.Z....#
#...§@..#
#...§§..#
+....
#..........
#...<
#..........#
#....##
######..(..#
#......
..K..#
#...$.#
.._..#
#.....#
.....#
#....?###
#....<.K.


You could see a wyvern zombie and a kobold (asleep).

Vanquished Creatures
  A scorpion (D:3)
  A wight (D:3)
  An orc wizard (D:3)
  A hound skeleton (D:4)
  2 adders (D:2)
  A worm (D:3)
  2 dart slugs
  5 orcs (D:3)
  4 ball pythons
  4 endoplasms
  2 giant cockroaches
  4 goblins
  5 hobgoblins
  3 jackals (D:1)
  3 quokkas
  3 bats
  2 frilled lizards (D:3)
  A kobold (D:1)
  6 rats
51 creatures vanquished.

Vanquished Creatures (others)
  155 foxfires
155 creatures vanquished.

Grand Total: 206 creatures vanquished

Notes
Turn   | Place    | Note
-------+----------+-------------------------------------------
     0 | D:1      | tygod the Djinni Fire Elementalist began the quest for the
                  | Orb.
     0 | D:1      | Reached XP level 1. HP: 15/15 MP: 0/0
   359 | D:1      | Reached skill level 3 in Spellcasting
   361 | D:1      | Reached XP level 2. HP: 14/21 MP: 0/0
  1090 | D:1      | Reached XP level 3. HP: 22/25 MP: 0/0
  1090 | D:1      | Learned a level 1 spell: Shock
  1635 | D:2      | Found a burning altar of Makhleb.
  1787 | D:2      | Found a faded altar of an unknown god.
  1943 | D:3      | Reached XP level 4. HP: 22/31 MP: 0/0
  2099 | D:3      | Found a shadowy altar of Dithmenos.
  2118 | D:3      | Noticed a scorpion
  2377 | D:2      | Became a worshipper of Makhleb the Destroyer
  2549 | D:3      | Killed a scorpion
  2550 | D:3      | Reached skill level 1 in Armour
  2550 | D:3      | Reached skill level 4 in Spellcasting
  2550 | D:3      | Reached XP level 5. HP: 31/35 MP: 0/0
  2550 | D:3      | Learned a level 2 spell: Searing Ray
  2972 | D:3      | Found a blossoming altar of Fedhas.
  3214 | D:4      | Found a basalt altar of Yredelemnul.
  3218 | D:4      | Slain by a wyvern zombie

Illustrated notes

Levels and vault maps discovered:
D:1:      giann_wishing_wells, layout_rooms, minmay_distorted
D:2:      layout_rooms, shapermc_ecumenical_altar_mp_highgroup, basic_altar
D:3:      layout_loops_ring, marbit_many_paths, lemuel_tele_altar,
          kennysheep_generic_room_12
D:4:      layout_basic, overflow_temple_1_default, zin_angel,
          gup_sewer_entry_pipe

Skill      XL: |  1  2  3  4 |
---------------+-------------+-----
Spellcasting   | 3 4 |  4.6
Stealth        | 2 |  2.2
Armour         | 1 |  1.7
Fighting       | |  0.1
Short Blades   | |  0.5
Dodging        | |  2.9

Action                   |  1- 3 |  4- 6 || total
-------------------------+-------+-------++-------
Melee: Unarmed           |     1 |       ||     1
       Dagger            |     9 |    14 ||    23
       Rapier            |       |    12 ||    12
 Cast: Foxfire           |    58 |    38 ||    96
  Use: Scroll            |       |     2 ||     2
 Stab: Sleeping          |     1 |       ||     1
Armor: Ring mail         |     1 |     6 ||     7
       Leather armour    |     1 |       ||     1
Dodge: Dodged            |     6 |    14 ||    20

Table legend: (Time is in decaauts)
 A = Elapsed time spent in this place.
 B = Non-inter-level travel time spent in this place.
 C = Inter-level travel time spent in this place.
 D = Time resting spent in this place.
 E = Time spent auto-exploring this place.
 F = Levels seen in this place.
 G = Mean time per level.
                   A        B        C        D        E       F      G
               +--------+--------+--------+--------+--------+-----+--------+
         Total |   3220 |   3053 |    167 |    637 |   1913 |   4 |  805.0 |
       Dungeon |   3220 |   3053 |    167 |    637 |   1913 |   4 |  805.0 |
               +--------+--------+--------+--------+--------+-----+--------+

Top non-repeatable levels by time:
     D:3: 1293 daAuts
     D:1: 1243 daAuts
     D:2: 673 daAuts
     D:4: 10 daAuts
